 Dungeon Crawl Stone Soup version 0.26-a0-30-g56b8cd3df0 (webtiles) character file.

Game seed: 1400376082874430714, levelgen mode: deterministic

8060 Gazerockf the Fighter (level 11, -12/115 HPs)
             Began as a Troll Monk on May 29, 2020.
             Was a High Priest of Wu Jian.
             Engulfed by an ice statue's freezing vapour (27 damage)
             ... on level 9 of the Dungeon.
             The game lasted 00:32:32 (8115 turns).

Gazerockf the Fighter (Troll Monk)                  Turns: 8115, Time: 00:32:33

Health: -12/115    AC:  6    Str: 21    XL:     11   Next: 4%
Magic:  10/10      EV: 18    Int:  6    God:    Wu Jian [*****.]
Gold:   853        SH:  0    Dex: 15    Spells: 4/10 levels left

rFire    . . .     SeeInvis .     - Unarmed
rCold    . . .     Gourm    +   (no shield)
rNeg     . . .     Faith    +   a - +0 robe
rPois    +         Spirit   .   (helmet restricted)
rElec    .         Reflect  .   (no cloak)
rCorr    .         Harm     .   (gloves unavailable)
MR       .....                  (boots unavailable)
Stlth    +++.......             u - amulet of faith
HPRegen  0.69/turn              l - +4 ring of evasion
MPRegen  0.12/turn              k - ring of poison resistance

@: no status effects
A: large, unfitting armour, claws 3, fast metabolism 3, gourmand, regeneration
1, shaggy fur 1, tough skin 3
a: Wall Jump, Serpent's Lash, Heavenly Storm, Renounce Religion


You were on level 9 of the Dungeon.
You worshipped Wu Jian.
Wu Jian was extremely pleased with you.
You were completely stuffed.

You visited 2 branches of the dungeon, and saw 10 of its levels.

You collected 853 gold pieces.

Inventory:

Missiles
 t - 5 boomerangs (quivered)
Armour
 a - a +0 robe (worn)
 e - a cursed -1 ring mail
 y - a +0 pair of gloves
 D - a +2 pair of gloves of archery
Jewellery
 k - a ring of poison resistance (right claw)
 l - a +4 ring of evasion (left claw)
 u - an amulet of faith (around neck)
 J - a cursed ring of attention {unknown}
Wands
 n - a wand of digging (6)
 I - a wand of paralysis (5)
Scrolls
 c - 10 scrolls of teleportation
 i - 3 scrolls of random uselessness {unknown}
 j - 3 scrolls of remove curse {unknown}
 r - a scroll of amnesia
 s - a scroll of fog {unknown}
 v - a scroll of enchant weapon {unknown}
 w - a scroll of immolation {unknown}
 z - a scroll of blinking {unknown}
 F - a scroll of holy word {unknown}
 H - 2 scrolls of magic mapping {unknown}
 K - a scroll of enchant armour {unknown}
Potions
 d - 5 potions of stabbing
 f - 2 potions of might
 g - a potion of lignification
 h - 2 potions of brilliance
 m - 3 potions of curing
 o - 2 potions of magic
 p - a potion of degeneration {unknown}
 q - 2 potions of invisibility
 x - 2 potions of resistance
 A - 2 potions of haste {unknown}
 B - 2 potions of flight {unknown}
 C - a potion of mutation {unknown}
 G - 2 potions of heal wounds {unknown}
 L - a potion of cancellation {unknown}
Comestibles
 b - 18 rations


   Skills:
 + Level 9.2 Fighting
 - Level 7.0 Dodging
 - Level 4.4 Stealth
 - Level 8.0 Unarmed Combat
 * Level 3.2 Transmutations


You had 4 spell levels left.
You knew the following spells:

 Your Spells              Type           Power        Failure   Level  Hunger
a - Blade Hands           Tmut           #.........   98%         5    ######.
b - Beastly Appendage     Tmut           #.....       14%         1    ##.....

Your spell library contained the following spells:

 Spells                   Type           Power        Failure   Level  Hunger
 Sticks to Snakes         Tmut           #.......     21%         2    ###....
 Animate Skeleton         Necr           N/A          45%         1    ##.....
 Apportation              Tloc           #.....       45%         1    ##.....
 Corona                   Hex            #......      45%         1    ##.....
 Summon Small Mammal      Summ           #...         45%         1    ##.....
 Spider Form              Tmut/Pois      #.........   61%         3    ####...
 Ice Form                 Ice/Tmut       #.......     95%         4    #####..


Dungeon Overview and Level Annotations

Branches:
Dungeon (9/15)             Temple (1/1) D:5             Orc (0/2) D:9
   Lair: D:8-11

Altars:
Ashenzari
Cheibriados
Dithmenos
Elyvilon
Fedhas
Gozag
Hepliaklqana
Kikubaaqudgha
Makhleb
Nemelex Xobeh
Okawaru
Qazlal
Ru
Sif Muna
Trog
Uskayaw
Vehumet
Wu Jian
Xom
Yredelemnul
Zin
The Shining One

Shops:
D:8 %   D:9 (

Annotations:
D:9 exclusion: ice statue


Innate Abilities, Weirdness & Mutations

You are too large for most types of armour.
You have claws for hands.
Your metabolism is lightning-fast.
You like to eat raw meat.
Your natural rate of healing is unusually fast.
You are covered in fur. (AC +1)
You have extremely tough skin. (AC +3)


Message History

The freezing blast misses you.
You claw the ice statue!
The ice statue is almost destroyed.
You are engulfed in freezing vapours.
The ice beast completely misses you. The ice statue gestures at you.
The bolt of cold misses you.
You scratch the ice statue but do no damage.
The ice statue is almost destroyed.
You are engulfed in freezing vapours.
The ice beast hits you but does no damage.
You scratch the ice statue but do no damage.
The ice statue is almost destroyed.
You are engulfed in freezing vapours.
* * * LOW HITPOINT WARNING * * *
The ice beast hits you.
* * * LOW HITPOINT WARNING * * *
The ice beast freezes you!
* * * LOW HITPOINT WARNING * * *
You feel better.
You are engulfed in freezing vapours.
You die...

#..((...# #......
#(......#
#.###...
#().)().# ...
+....
#.).....######.##
#.....
#..............#
#......
##'............#
#............##
#.....°°○....#
#.....°@Y....#
#......8○....#
#......°.....#
#............#
#.!..........#
#..............
#............##
..#...########


You could see an ice statue and an ice beast (summoned).

Vanquished Creatures
  A centaur warrior (D:8)
  Pikel (D:4)
  A troll (D:8)
  A queen bee (shapeshifter) (D:8)
  Grinder (D:4)
  Prince Ribbit (D:6)
  A slime creature (D:8)
  A hippogriff (D:8)
  6 yaks (D:8)
  A warg (D:9)
  Duvessa (D:6)
  A water moccasin (D:7)
  7 orc warriors
  3 ice beasts
  A sky beast (D:6)
  A black bear (D:9)
  2 phantoms
  5 ogres
  4 slaves (D:4)
  3 centaurs
  2 big kobolds (D:9)
  9 bullfrogs
  Blork the orc (D:4)
  Dowan (D:6)
  4 scorpions
  3 wights (D:7)
  2 howler monkeys
  3 crimson imps
  4 hounds
  3 orc priests
  A centaur skeleton (D:8)
  A bullfrog skeleton (D:4)
  A gnoll shaman (D:5)
  5 jellies
  10 orc wizards
  3 iguanas
  Terence (D:3)
  4 worker ants
  2 hound skeletons
  4 worker ant zombies
  11 gnolls
  A howler monkey zombie (D:8)
  10 adders
  A howler monkey skeleton (D:7)
  2 oozes
  3 adder skeletons
  An adder zombie (D:8)
  A worm (D:5)
  2 dart slugs
  5 leopard geckos
  47 orcs
  A ball python (D:4)
  6 giant cockroaches
  9 goblins
  6 hobgoblins
  10 jackals
  7 quokkas
  2 bats (D:1)
  4 frilled lizards
  A jackal zombie (D:5)
  18 kobolds
  A leopard gecko zombie (D:6)
  A quokka skeleton (D:9)
  6 rats
263 creatures vanquished.

Notes
Turn   | Place    | Note
-------+----------+-------------------------------------------
     0 | D:1      | Gazerockf the Troll Monk began the quest for the Orb.
     0 | D:1      | Reached XP level 1. HP: 22/22 MP: 0/0
   163 | D:1      | Reached XP level 2. HP: 29/29 MP: 1/1
   561 | D:1      | Reached skill level 3 in Fighting
   665 | D:2      | Reached XP level 3. HP: 33/37 MP: 2/2
  1241 | D:2      | Reached XP level 4. HP: 45/45 MP: 3/3
  1851 | D:3      | Noticed Terence
  1861 | D:3      | Killed Terence
  2188 | D:3      | Found a hazy altar of Hepliaklqana.
  2188 | D:3      | Found a radiant altar of Vehumet.
  2379 | D:4      | Found a bloodstained altar of Trog.
  2385 | D:4      | Noticed Blork the orc
  2392 | D:4      | Reached XP level 5. HP: 49/54 MP: 4/4
  2400 | D:4      | Killed Blork the orc
  2400 | D:4      | Reached skill level 4 in Fighting
  2457 | D:4      | Reached skill level 5 in Unarmed Combat
  2532 | D:4      | Reached XP level 6. HP: 53/63 MP: 5/5
  2872 | D:4      | Reached skill level 5 in Fighting
  2872 | D:4      | Reached XP level 7. HP: 65/72 MP: 6/6
  2938 | D:4      | Noticed Pikel
  2966 | D:4      | Killed Pikel
  3077 | D:4      | Noticed Grinder
  3102 | D:4      | Killed Grinder
  3102 | D:4      | Reached skill level 6 in Fighting
  3102 | D:4      | Reached XP level 8. HP: 48/83 MP: 7/7
  3287 | D:5      | Entered Level 5 of the Dungeon
  3290 | D:5      | Found a staircase to the Ecumenical Temple.
  3312 | Temple   | Entered the Ecumenical Temple
  3421 | Temple   | Became a worshipper of the Wu Jian Council
  3421 | Temple   | Reached * piety under Wu Jian
  3421 | Temple   | Reached ** piety under Wu Jian
  3822 | D:5      | Found a burning altar of Makhleb.
  3822 | D:5      | Found an ancient bone altar of Kikubaaqudgha.
  4180 | D:6      | Noticed Duvessa
  4193 | D:6      | Noticed Dowan
  4206 | D:6      | Killed Duvessa
  4227 | D:6      | Killed Dowan
  4341 | D:6      | Noticed Prince Ribbit
  4348 | D:6      | Reached *** piety under Wu Jian
  4370 | D:6      | Killed Prince Ribbit
  4506 | D:6      | Reached XP level 9. HP: 92/92 MP: 8/8
  4515 | D:6      | Reached skill level 7 in Fighting
  4627 | D:6      | Found a glowing silver altar of Zin.
  4628 | D:6      | Noticed an angel
  5096 | D:7      | Reached skill level 5 in Dodging
  5596 | D:7      | Reached **** piety under Wu Jian
  5999 | D:8      | Reached skill level 8 in Fighting
  6125 | D:8      | Reached XP level 10. HP: 89/104 MP: 9/9
  6226 | D:8      | Noticed a centaur warrior
  6241 | D:8      | Killed a centaur warrior
  6270 | D:8      | Reached ***** piety under Wu Jian
  6399 | D:8      | Learned a level 5 spell: Blade Hands
  6401 | D:8      | Learned a level 1 spell: Beastly Appendage
  6502 | D:8      | Found Ytethrapn's Food Shop.
  6631 | D:8      | Reached skill level 1 in Transmutations
  6881 | D:8      | Reached skill level 9 in Fighting
  7001 | D:9      | HP: 1/107 [orc/+0 trident (7)]
  7210 | D:9      | Found Refoun's Antique Weapon Emporium.
  7277 | D:9      | Found a staircase to the Orcish Mines.
  7315 | D:9      | HP: 5/107 [orc priest/divine providence (11)]
  7801 | D:9      | Reached XP level 11. HP: 115/115 MP: 10/10
  7931 | D:9      | HP: 2/115 [ice beast[an ice statue] (13)]
  8115 | D:9      | Engulfed by an ice statue's freezing vapour

Illustrated notes

Levels and vault maps discovered:
D:1:      saegor_arrival_simple_d, layout_basic
D:2:      layout_loops_ring, serial_co_window_serial,
          co_window_of_opportunity_a, co_window_paths_b,
          co_window_of_opportunity_a, co_window_paths_a, co_window_paths_a,
          co_window_of_opportunity_b, co_window_corner_b, co_window_corner_cb,
          co_window_corner_b, co_window_corner_ca, co_window_corner_b,
          co_window_broadway_a, co_window_4corner_b, glass_columns_a,
          glass_columns_a, kennysheep_generic_room_14
D:3:      layout_loops_ring, gammafunk_temple_overflow_pools, first_ration,
          uniq_terence
D:4:      layout_basic, kennysheep_mini_moat, kennysheep_boxes,
          uniq_blork_the_orc, uniq_pikel, uniq_grinder
D:5:      minmay_spotlight, layout_loops_cross,
          chequers_temple_overflow_statue_of_worship,
          minmay_temple_entry_large_hall
D:6:      layout_loops_cross, zin_angel, uniq_prince_ribbit1, uniq_duvessa
D:7:      hangedman_cross_stitches, layout_basic
D:8:      minmay_curly_fans, layout_loops_ring, serial_shops,
          nicolae_shop_statue_plus, grunt_ogre_cave, minmay_diced_spiral
D:9:      layout_basic, erik_orc_3, serial_shops, shop_coins, minivault_16
Temple:   regret_index_temple_sphere_string

Skill      XL: |  1  2  3  4  5  6  7  8  9 10 11 |
---------------+----------------------------------+-----
Fighting       | 3 4 5 6 8 9 |  9.2
Unarmed Combat | 4 5 6 7 8 |  8.0
Dodging        | 4 6 7 |  7.0
Stealth        | 3 4 |  4.4
Transmutations | 2 3 |  3.2

Action                   |  1- 3 |  4- 6 |  7- 9 | 10-12 || total
-------------------------+-------+-------+-------+-------++-------
Melee: Unarmed           |    86 |    84 |   391 |   314 ||   875
       Punch             |       |     1 |    11 |     9 ||    21
Throw: Boomerang         |       |       |     3 |       ||     3
Invok: Lunge             |       |       |    28 |    25 ||    53
       Whirlwind         |       |       |    30 |    58 ||    88
       Heavenly Storm    |       |       |       |     1 ||     1
 Abil: Wall Jump         |       |       |       |     2 ||     2
  Use: Scroll            |     3 |     2 |     6 |     1 ||    12
       Potion            |       |       |       |     9 ||     9
 Stab: Sleeping          |     2 |     2 |     5 |     7 ||    16
  Eat: Chunk             |    17 |    15 |    30 |    18 ||    80
Armor: Robe              |    37 |     9 |    56 |    32 ||   134
       Skin              |       |       |       |     7 ||     7
Dodge: Dodged            |    48 |    47 |   226 |   223 ||   544

Table legend:
 A = Non-vault XP
 B = Vault XP
 C = Vault XP percentage of total XP
 D = Non-vault monster count
 E = Vault monster count
 F = Vault count percentage of total count
                 A         B        C        D         E       F
            +---------+---------+-------+---------+---------+-------
      Total |    7058 |    4457 |  38.7 |     218 |      41 |  15.8
            +---------+---------+-------+---------+---------+-------
        D:1 |      40 |       0 |   0.0 |      22 |       0 |   0.0
        D:2 |      66 |       0 |   0.0 |      21 |       0 |   0.0
        D:3 |      16 |      36 |  69.2 |       7 |       1 |  12.5
        D:4 |     518 |     978 |  65.4 |      16 |       3 |  15.8
        D:5 |     240 |      13 |   5.1 |      16 |       1 |   5.9
        D:6 |    1213 |     501 |  29.2 |      34 |       3 |   8.1
        D:7 |     995 |     296 |  22.9 |      17 |       8 |  32.0
        D:8 |    2556 |    2114 |  45.3 |      46 |       9 |  16.4
        D:9 |    1414 |     519 |  26.8 |      39 |      16 |  29.1
            +---------+---------+-------+---------+---------+-------
